 Dungeon Crawl Stone Soup version 0.24-a0-250-g6074511 (webtiles) character file.

Game seed: 13558431882348786032

352 KrasnyyBoyets the Chopper (level 6, 0/51 HPs)
             Began as a Minotaur Fighter on Apr 13, 2019.
             Succumbed to a killer bee's poison
             ... on level 7 of the Dungeon on Apr 14, 2019.
             The game lasted 00:54:44 (6218 turns).

KrasnyyBoyets the Chopper (Minotaur Fighter)        Turns: 6218, Time: 00:54:45

Health: 0/51       AC: 12    Str: 22    XL:     6   Next: 35%
Magic:  5/5        EV:  4    Int:  5    God:
Gold:   219        SH:  7    Dex: 10    Spells: 5/5 levels left

rFire    . . .     SeeInvis .   a - +0 war axe
rCold    . . .     Gourm    +   s - +0 shield
rNeg     . . .     Faith    .   j - +0 chain mail
rPois    .         Spirit   .   (helmet restricted)
rElec    .         Reflect  .   i - scarf {repulsion}
rCorr    .         Harm     .   q - +1 pair of gloves
MR       .....                  (no boots)
Stlth    ..........             w - amulet of the gourmand
HPRegen  0.17/turn              (no ring)
MPRegen  0.09/turn              t - +2 ring of protection

@: lethally poisoned (0 -> -19), about to teleport, very heavily drained, repel
missiles
A: retaliatory headbutt, horns 2
a: no special abilities


You were on level 7 of the Dungeon.
You were not hungry.

You visited 1 branch of the dungeon, and saw 7 of its levels.

You collected 219 gold pieces.

Inventory:

Hand Weapons
 a - a +0 war axe (weapon)
 r - a +2 spear of piercing
 y - a +2 mace of venom
 A - a +1 falchion of holy wrath
 F - a +0 dagger of draining
Missiles
 h - 24 poisoned needles (quivered)
Armour
 b - a +0 scale mail
 i - a scarf of repulsion (worn)
 j - a +0 chain mail (worn)
 q - a +1 pair of gloves (worn)
 s - a +0 shield (worn)
Jewellery
 t - a +2 ring of protection (right hand)
 w - an amulet of the gourmand (around neck)
 D - an uncursed amulet of harm
Wands
 C - a wand of iceblast (7)
Scrolls
 c - a scroll of enchant armour {unknown}
 l - 6 scrolls of identify
 o - 2 scrolls of fog {unknown}
 p - a scroll of teleportation
Potions
 d - 3 potions of might
 e - a potion of brilliance {unknown}
 k - a potion of ambrosia {unknown}
 m - a potion of heal wounds {unknown}
 n - 2 potions of agility
 v - a potion of haste {unknown}
 z - a potion of curing {unknown}
 B - a potion of degeneration {unknown}
 G - a potion of flight {unknown}
Comestibles
 f - 15 rations


   Skills:
 - Level 3.6(0.0) Fighting
 * Level 6.2(2.4) Axes
 - Level 3.6(0.0) Armour
 + Level 4.4(0.7) Dodging
 - Level 3.6(0.0) Shields
 + Level 0.6(0.0) Evocations


You had 5 spell levels left.
You didn't know any spells.
Your spell library was empty.

Dungeon Overview and Level Annotations

Branches:
Dungeon (6/15)             Temple (0/1) D:7

Altars:
Kikubaaqudgha
Qazlal
Trog
Zin


Innate Abilities, Weirdness & Mutations

You reflexively headbutt those who attack you in melee.
You have a pair of horns on your head.


Message History

You block the killer bee's attack.
The killer bee stings you but does no damage.
You block the killer bee's attack.
You feel very sick.
The killer bee stings you but does no damage.
As you read the scroll of teleportation, it crumbles to dust.
You feel strangely unstable.
You feel sick.
The killer bee stings you but does no damage.
The killer bee barely misses you. You furiously retaliate!
You headbutt the killer bee, but do no damage.
You feel sick. You block the killer bee's attack.
You miss the killer bee.
The killer bee is severely wounded.
You feel very sick. The killer bee stings you.
The killer bee stings you but does no damage.
The killer bee stings you!
* * * LOW HITPOINT WARNING * * *
It was a potion of magic.
Magic courses through your body.
You die...

..y.... .......
y...... .# ....)..
.. ....... .#
....... ##.#
####....... #..
######..........
#.#
#.@yy..##.......
######.#####.######
.......
####............#
#......
.....###..#######
#..... ......##.##
..... ....≈≈§..#
###. #..≈≈§§≈...
..§≈§≈≈≈≈...
#.§§§>≈§≈.##


You could see 2 killer bees.

Vanquished Creatures
  A big kobold (D:5)
  A killer bee (D:7)
  A crimson imp (D:7)
  A bullfrog skeleton (D:5)
  A jelly (D:5)
  A worker ant (D:5)
  3 adders
  4 worms
  3 dart slugs
  A leopard gecko (D:2)
  An orc (D:5)
  4 giant cockroaches
  6 goblins
  13 hobgoblins
  6 jackals
  2 quokkas (D:2)
  3 ball pythons
  9 bats
  5 frilled lizards
  A jackal skeleton (D:4)
  12 kobolds
  4 rats
83 creatures vanquished.

Notes
Turn   | Place    | Note
-------+----------+-------------------------------------------
     0 | D:1      | KrasnyyBoyets the Minotaur Fighter began the quest for the
                  | Orb.
     0 | D:1      | Reached XP level 1. HP: 19/19 MP: 0/0
   120 | D:1      | Reached skill level 3 in Axes
   241 | D:1      | Reached XP level 2. HP: 26/26 MP: 1/1
   242 | D:1      | Upgraded the game from 0.24-a0-246-gb963c9a to
                  | 0.24-a0-249-g2af7e83
   242 | D:1      | Upgraded the game from 0.24-a0-249-g2af7e83 to
                  | 0.24-a0-250-g6074511
   831 | D:1      | Reached skill level 1 in Dodging
  1315 | D:2      | Reached XP level 3. HP: 31/31 MP: 2/2
  1428 | D:2      | Reached skill level 4 in Axes
  1862 | D:2      | Found a stormy altar of Qazlal.
  1957 | D:2      | Reached XP level 4. HP: 39/39 MP: 3/3
  2914 | D:3      | Found a glowing silver altar of Zin.
  4563 | D:5      | Entered Level 5 of the Dungeon
  4641 | D:5      | Reached skill level 5 in Axes
  4829 | D:5      | Reached XP level 5. HP: 44/45 MP: 4/4
  5273 | D:5      | Found an ancient bone altar of Kikubaaqudgha.
  5492 | D:5      | Found a bloodstained altar of Trog.
  5583 | D:5      | Reached XP level 6. HP: 38/51 MP: 5/5
  5790 | D:6      | You fall through a shaft!
  5790 | D:7      | Found a staircase to the Ecumenical Temple.
  5818 | D:7      | Reached skill level 6 in Axes
  6217 | D:7      | HP: 1/51 [killer bee (7)]
  6218 | D:7      | Succumbed to a killer bee's poison

Levels and vault maps discovered:
D:1:      minmay_arrival_semitransparent, layout_basic,
          chequers_serial_rivers_micro_b, minmay_cut_off
D:2:      layout_basic, nicolae_qazlal_general_emergency, first_ration
D:3:      minmay_recursive_quarters, layout_rooms,
          nicolae_overflow_hidden_temple, serial_glass, glass_columns_c,
          glass_columns_c
D:4:      layout_loops_ring
D:5:      cheibrodos_thug_alley, layout_basic, nicolae_overflow_crystal_walls,
          lightli_temple_of_fire
D:6:      layout_gridville, overflow_temple_1_default, kennysheep_slug_shrine,
          basic_altar, nrook_pool_corridor, kennysheep_generic_room_10
D:7:      layout_rooms, gammafunk_temple_overflow_elements,
          minmay_temple_entry_mist, trog_butcher_becter

Skill      XL: |  1  2  3  4  5  6 |
---------------+-------------------+-----
Axes           | 3 4 5 6 |  6.2
Dodging        | 1 2 3 4 |  4.4
Fighting       | |  3.6
Armour         | |  3.6
Shields        | |  3.6
Evocations     | |  0.6

Action                   |  1- 3 |  4- 6 || total
-------------------------+-------+-------++-------
Melee: War axe           |   108 |   155 ||   263
       Headbutt          |    19 |    23 ||    42
  Use: Scroll            |     4 |     5 ||     9
       Potion            |       |     2 ||     2
  Eat: Chunk             |     3 |    13 ||    16
       Ration            |       |     1 ||     1
Armor: Scale mail        |     3 |       ||     3
       Chain mail        |    77 |   109 ||   186
Dodge: Dodged            |    30 |    34 ||    64
       Deflected         |       |     1 ||     1
Block: Shield            |    79 |    97 ||   176

Table legend:
 A = Non-vault XP
 B = Vault XP
 C = Vault XP percentage of total XP
 D = Non-vault monster count
 E = Vault monster count
 F = Vault count percentage of total count
                 A         B        C        D         E       F
            +---------+---------+-------+---------+---------+-------
      Total |     373 |     131 |  26.0 |      62 |      21 |  25.3
            +---------+---------+-------+---------+---------+-------
        D:1 |      25 |       6 |  19.4 |      15 |       3 |  16.7
        D:2 |      75 |       0 |   0.0 |      25 |       0 |   0.0
        D:3 |      16 |      15 |  48.4 |       9 |       8 |  47.1
        D:4 |      21 |       0 |   0.0 |       5 |       0 |   0.0
        D:5 |     123 |     110 |  47.2 |       6 |      10 |  62.5
        D:7 |     113 |       0 |   0.0 |       2 |       0 |   0.0
            +---------+---------+-------+---------+---------+-------
